 Dungeon Crawl Stone Soup version 0.25.1-1-g288607f5aa (webtiles) character file.

Game seed: 17298459851294297710

41325 DildoBatman the Protected (level 14, 0/110 HPs)
             Began as a Formicid Wizard on July 19, 2020.
             Was an Initiate of Gozag.
             Splashed by an oklob plant's acid (12 damage)
             ... on level 5 of the Lair of Beasts.
             The game lasted 01:35:27 (21210 turns).

DildoBatman the Protected (Formicid Wizard)        Turns: 21210, Time: 01:35:27

Health: 0/110      AC: -5    Str: 12    XL:     14   Next: 49%
Magic:  27/35      EV: 17    Int: 23    God:    Gozag
Gold:   1063       SH:  7    Dex: 17    Spells: 10/30 levels left

rFire    + . .     SeeInvis +   b - +3 fustibalus
rCold    + . .     Gourm    .   T - +1 buckler {rC+ rF+}
rNeg     . . .     Faith    .   f - +2 leather armour "Quczel" {rPois Dex+2 SInv}
rPois    +         Spirit   .   (helmet unavailable)
rElec    .         Reflect  .   H - +0 cloak of the Onion {MR+ MP+9}
rCorr    .         Harm     .   N - +0 pair of gloves
MR       ++...                  B - +0 pair of boots
Stlth    ++........             r - amulet of regeneration
HPRegen  0.68/turn              S - +6 ring of dexterity
MPRegen  0.24/turn              R - +4 ring of protection

@: corroded, lightly drained
A: permanent stasis, dig shafts and tunnels, four strong arms, antennae 3
a: Dig, Shaft Self, Potion Petition, Call Merchant, Bribe Branch, Renounce
Religion


You were on level 5 of the Lair of Beasts.
You worshipped Gozag.
Gozag was most pleased with you.
You were full.

You visited 4 branches of the dungeon, and saw 19 of its levels.

You collected 4036 gold pieces.
You spent 2681 gold pieces at shops.
You paid 292 gold pieces to Gozag.

Inventory:

Hand Weapons
 a - the +8 lance "Wyrmbane" {slay drac, rPois rF+ rC+ AC+3}
   (You bought it in a shop on level 2 of the Orcish Mines)

   It affects your AC (+3).
   It protects you from fire.
   It protects you from cold.
   It protects you from poison.
 b - a +3 fustibalus (weapon)
Missiles
 i - 159 bolts
 j - 273 arrows
 q - a throwing net
 F - 43 sling bullets (quivered)
Armour
 f - the +2 leather armour "Quczel" (worn) {rPois Dex+2 SInv}
   (You bought it in a shop on level 2 of the Orcish Mines)

   It affects your dexterity (+2).
   It protects you from poison.
   It lets you see invisible.
 B - a +0 pair of boots (worn)
 H - the +0 cloak of the Onion (worn) {MR+ MP+9}
   (You found it on level 7 of the Dungeon)

   It affects your resistance to hostile enchantments.
   It affects your magic capacity (+9).
 N - a +0 pair of gloves (worn)
 T - a +1 buckler of resistance (worn)
 V - a +2 leather armour of magic resistance
Magical Staves
 W - an uncursed staff of wizardry
Jewellery
 r - an amulet of regeneration (around neck)
 y - an uncursed ring of wizardry
 E - an uncursed ring of protection from magic
 L - an uncursed ring of protection from magic
 M - a +6 ring of intelligence
 R - a +4 ring of protection (right hand)
 S - a +6 ring of dexterity (left hand)
Wands
 e - a wand of acid (7)
 D - a wand of iceblast (18)
 P - a wand of clouds (7)
Scrolls
 h - 4 scrolls of amnesia
 k - a scroll of fear {unknown}
 p - 4 scrolls of enchant armour
 s - 3 scrolls of enchant weapon {unknown}
 w - 3 scrolls of immolation
 x - 4 scrolls of remove curse
 z - 5 scrolls of identify
 C - 2 scrolls of magic mapping
 I - a scroll of summoning {unknown}
 J - 2 scrolls of fog {unknown}
 K - 2 scrolls of torment {unknown}
 Q - a scroll of holy word {unknown}
 Y - a scroll of random uselessness {unknown}
Potions
 l - 4 potions of heal wounds
 m - 4 potions of flight
 n - a potion of resistance {unknown}
 t - 2 potions of stabbing {unknown}
 u - a potion of cancellation {unknown}
 A - 5 potions of curing
 G - 2 potions of brilliance {unknown}
 O - a potion of magic {unknown}
 Z - a potion of might {unknown}
Miscellaneous
 U - a phantom mirror
 X - a phial of floods
Comestibles
 v - 20 rations


   Skills:
 - Level 10.0(9.6) Fighting
 * Level 3.2(2.9) Polearms
 - Level 10.0(9.6) Armour
 - Level 8.0(7.6) Dodging
 - Level 2.4(2.1) Stealth
 - Level 8.3(8.0) Shields
 * Level 8.5(8.1) Spellcasting
 - Level 6.0(5.6) Conjurations
   Level 1.0(0.7) Summonings
 - Level 9.0(8.6) Necromancy
   Level 0.8(0.5) Translocations
 - Level 5.0(4.6) Fire Magic
 - Level 5.0(4.6) Air Magic
 - Level 9.0(8.6) Earth Magic


You had 10 spell levels left.
You knew the following spells:

 Your Spells              Type           Power        Failure   Level  Hunger
a - Conjure Flame         Conj/Fire      ####....     3%          3    None
b - Borgnjor's Vile Clut  Necr/Erth      #####.....   7%          5    #####..
d - Vampiric Draining     Necr           #####.....   1%          3    None
e - Mephitic Cloud        Conj/Pois/Air  ####....     6%          3    None
h - Dispel Undead         Necr           #####...     2%          4    ###....
z - Sublimation of Blood  Necr           #####.....   1%          2    None

Your spell library contained the following spells:

 Spells                   Type           Power        Failure   Level  Hunger
 Animate Skeleton         Necr           N/A          1%          1    None
 Magic Dart               Conj           ####         1%          1    None
 Pain                     Necr           ####         1%          1    None
 Animate Dead             Necr           N/A          2%          4    ###....
 Agony                    Necr           #####...     7%          5    #####..
 Corona                   Hex            #......      9%          1    None
 Call Imp                 Summ           ##......     10%         2    None
 Ensorcelled Hibernation  Hex/Ice        #.....       13%         2    None
 Slow                     Hex            #.......     13%         2    None
 Teleport Other           Tloc           ##......     21%         3    None
 Excruciating Wounds      Chrm/Necr      ####......   36%         5    #####..
 Passage of Golubria      Tloc           N/A          54%         4    ###....
 Silence                  Hex/Air        ###.......   65%         5    #####..
 Simulacrum               Ice/Necr       ####......   91%         6    ######.
 Darkness                 Hex            #.........   100%        6    ######.
 Shadow Creatures         Summ           N/A          100%        6    ######.
 Haunt                    Necr/Summ      ####......   100%        7    #######
 Borgnjor's Revivificati  Necr           #####.....   100%        8    #######
 Death's Door             Chrm/Necr      ####......   100%        8    #######
 Infestation              Necr           #####.....   100%        8    #######
 Necromutation            Tmut/Necr      ####......   100%        8    #######
 Blink                    Tloc           Unusable     N/A         2    N/A
 Controlled Blink         Tloc           Unusable     N/A         8    N/A

Dungeon Overview and Level Annotations

Branches:
Dungeon (11/15)            Temple (1/1) D:5            Lair (5/6) D:10
  Swamp (0/4) Lair:2       Spider (0/4) Lair:4        Slime (0/5) Lair:5
    Orc (2/2) D:9             Elf (0/3) Orc:2

Altars:
Ashenzari
Cheibriados
Dithmenos
Elyvilon
Fedhas
Gozag
Hepliaklqana
Kikubaaqudgha
Makhleb
Nemelex Xobeh
Okawaru
Qazlal
Ru
Sif Muna
Trog
Uskayaw
Vehumet
Wu Jian
Xom
Yredelemnul
Zin
The Shining One

Shops:
D:11 %   Orc:2 (:[[

Annotations:
D:9 2 transporters, opiumtea's ghost, novice TrMo
Lair:5 exclusion: 2 oklob plants


Innate Abilities, Weirdness & Mutations

You cannot be hasted, slowed, berserked, paralysed or teleported.
You can dig through walls and to a lower floor.
Your four strong arms can wield two-handed weapons with a shield.
You have a pair of large antennae on your head. (SInv)


Message History

The acid corrodes you!
You are splashed with acid!
Casting: Borgnjor's Vile Clutch (dangerous; 7% risk of failure)
Confirm with . or Enter, or press ? or * to list all spells.
Aiming: Borgnjor's Vile Clutch (dangerous; 7% risk of failure)
Press: ? - help, Shift-Dir - straight line, f/p - oklob plant
Aim: an oklob plant (severely damaged) Zombie hands grab the oklob plant.
The zombie hands constrict the oklob plant.
The oklob plant spits acid at you. The splash of acid hits you!
The acid corrodes you!
You are splashed with acid!
The zombie hands constrict the oklob plant!
The oklob plant spits acid at you. The splash of acid hits you!!
The acid corrodes you!
You are splashed with acid!
You die...
Your body crumbles into a pile of gold.

P..#...........#....PP.......##..
.............##......P.#...#..#..
............#.......##.##PP##....
.................................
.................................
..................$..............
..........P......................
..........P....P%................
..##....##...##.@.............#.#
##.#....#.#..P#..................
#####...+......+..$....P>P....#.#
..##.....#P..............$.......
..##.........#.#..............#.#
P.##....P#.####............#.....
#..##....#####.#......#....#..#.#
..........###.#......##..........
.....................P#...#...#.#


You could see an oklob plant (clutched).

Vanquished Creatures
  4 hydras
  Erica (D:10)
  A two-headed ogre (D:9)
  3 orc high priests (Orc:2)
  5 death yaks (Lair:3)
  Sonja (Orc:1)
  5 orc knights
  4 orc sorcerers (Orc:2)
  An oklob plant (Lair:5)
  A manticore (D:11)
  A cyclops (D:11)
  An ugly thing (D:11)
  An ice statue (Lair:3)
  5 elephants (Lair:2)
  Maurice (Orc:2)
  Joseph (D:7)
  4 centaur skeletons
  3 spiny frogs
  9 komodo dragons
  A freezing wraith (Lair:3)
  4 trolls
  A hydra zombie (Lair:2)
  A tyrant leech (Lair:2)
  4 polar bears
  2 hydra skeletons
  A hornet (Lair:4)
  6 blink frogs
  9 hippogriffs
  Sigmund (D:5)
  A vampire (D:10)
  6 wyverns
  12 yaks
  A basilisk (Lair:2)
  A hungry ghost (D:11)
  A two-headed ogre zombie (Orc:1)
  Edmund (D:5)
  A swamp worm (Lair:2)
  2 spiny frog zombies (Lair:2)
  A two-headed ogre skeleton (D:11)
  5 water moccasins
  12 porcupines
  25 orc warriors
  2 sky beasts (D:9)
  2 spiny frog skeletons
  4 black bears
  3 ice beasts (Lair:3)
  2 necrophages (D:9)
  3 wolves (Lair:3)
  A blink frog zombie (Lair:2)
  12 ogres
  A lindwurm skeleton (Lair:2)
  A manticore skeleton (D:11)
  6 centaurs
  10 crocodiles
  2 big kobolds
  A rime drake skeleton (Lair:2)
  14 bullfrogs
  A gnoll sergeant (D:11)
  A komodo dragon skeleton (D:11)
  A water moccasin zombie (Lair:2)
  A wyvern skeleton (Lair:1)
  2 yak zombies (Lair:2)
  2 water moccasin skeletons
  9 scorpions
  11 killer bees
  3 wights (D:10)
  2 troll skeletons (Orc:1)
  4 howler monkeys
  2 electric eels (D:7)
  4 crimson imps
  2 centaur zombies
  3 bullfrog zombies
  2 jellies
  3 hounds
  2 bullfrog skeletons
  23 orc priests
  34 orc wizards
  Crazy Yiuf (D:7)
  6 iguanas
  14 worker ants
  A porcupine zombie (Lair:2)
  A basilisk skeleton (Lair:2)
  3 hell rats (Lair:1)
  A porcupine skeleton (Lair:2)
  2 crocodile zombies (Lair:2)
  2 hound zombies
  3 crocodile skeletons
  A hound skeleton (D:6)
  A howler monkey zombie (D:6)
  14 adders
  16 gnolls
  6 orc zombies (Orc:1)
  3 river rats (Lair:1)
  3 shadow imps
  2 white imps (Lair:3)
  An ooze (D:6)
  2 adder zombies
  An iguana zombie (D:11)
  3 adder skeletons
  3 worms
  3 dart slugs
  6 leopard geckos
  112 orcs
  7 giant cockroaches
  9 goblins
  15 hobgoblins
  3 jackals (D:4)
  17 kobolds
  6 quokkas
  8 bats
  3 frilled lizards
  A giant cockroach zombie (D:5)
  A jackal skeleton (D:5)
  A leopard gecko skeleton (D:8)
  A quokka zombie (D:6)
  12 rats
  A fungus (Lair:3)
  2 plants (Lair:3)
625 creatures vanquished.

Vanquished Creatures (collateral kills)
  2 killer bees (D:7)
2 creatures vanquished.

Vanquished Creatures (others)
  7 fungi
  4 plants
11 creatures vanquished.

Grand Total: 638 creatures vanquished

Notes
Turn   | Place    | Note
-------+----------+-------------------------------------------
     0 | D:1      | DildoBatman the Formicid Wizard began the quest for the
                  | Orb.
     0 | D:1      | Reached XP level 1. HP: 13/13 MP: 4/4
    60 | D:1      | Reached skill level 1 in Conjurations
   217 | D:1      | Reached XP level 2. HP: 19/19 MP: 0/6
   609 | D:1      | Reached XP level 3. HP: 16/24 MP: 3/7
   615 | D:1      | Learned a level 3 spell: Conjure Flame
   619 | D:1      | Learned a level 3 spell: Mephitic Cloud
  1096 | D:2      | Noticed an ogre
  1177 | D:2      | Reached XP level 4. HP: 30/30 MP: 2/8
  1941 | D:3      | Reached XP level 5. HP: 30/35 MP: 0/9
  1990 | D:3      | Reached skill level 1 in Fire Magic
  2522 | D:4      | Noticed an ogre
  2644 | D:4      | Identified the cursed +1 leather armour "Wixaegaw" {rPois
                  | rCorr}
  2699 | D:4      | Reached XP level 6. HP: 41/41 MP: 4/10
  3119 | D:4      | Found a blossoming altar of Fedhas.
  3390 | D:5      | Entered Level 5 of the Dungeon
  3428 | D:5      | Reached XP level 7. HP: 33/46 MP: 11/11
  3500 | D:5      | Reached skill level 5 in Conjurations
  3500 | D:5      | Reached skill level 1 in Air Magic
  3587 | D:5      | Found a staircase to the Ecumenical Temple.
  3604 | Temple   | Entered the Ecumenical Temple
  3645 | Temple   | Became a worshipper of Kikubaaqudgha
  4350 | D:5      | Reached * piety under Kikubaaqudgha
  4350 | D:5      | Identified Kikubaaqudgha's Disquisition on Unholy Rites
                  | (Kikubaaqudgha gifted it to you on level 5 of the Dungeon)
  4350 | D:5      | Received a gift from Kikubaaqudgha
  4350 | D:5      | Reached XP level 8. HP: 41/52 MP: 7/12
  4821 | D:5      | Noticed Edmund
  4823 | D:5      | Noticed Sigmund
  4835 | D:5      | Killed Edmund
  4835 | D:5      | Reached skill level 5 in Fire Magic
  4873 | D:5      | Killed Sigmund
  5067 | D:6      | Reached XP level 9. HP: 55/58 MP: 13/13
  5121 | D:6      | Reached skill level 1 in Fighting
  5121 | D:6      | Reached skill level 1 in Armour
  5415 | D:6      | Reached skill level 5 in Air Magic
  6200 | D:7      | Reached ** piety under Kikubaaqudgha
  6297 | D:7      | Noticed Joseph
  6349 | D:7      | Killed Joseph
  6467 | D:7      | Got a glimmering cloak
  6480 | D:7      | Identified the cursed +0 cloak of the Onion {MR+ MP+9} (You
                  | found it on level 7 of the Dungeon)
  6537 | D:7      | Reached XP level 10. HP: 52/73 MP: 13/14
  6580 | D:7      | Reached skill level 5 in Fighting
  6586 | D:7      | Reached skill level 5 in Armour
  6799 | D:7      | Found a runed translucent door.
  6800 | D:7      | Noticed Crazy Yiuf
  6851 | D:7      | Reached skill level 5 in Dodging
  6877 | D:7      | Reached *** piety under Kikubaaqudgha
  6877 | D:7      | Identified Kikubaaqudgha's Volume of Sinister Secrets
                  | (Kikubaaqudgha gifted it to you on level 7 of the Dungeon)
  6877 | D:7      | Received a gift from Kikubaaqudgha
  7347 | D:7      | Killed Crazy Yiuf
  7658 | D:8      | Learned a level 3 spell: Vampiric Draining
  7663 | D:8      | Learned a level 4 spell: Dispel Undead
  7880 | D:8      | Reached **** piety under Kikubaaqudgha
  7887 | D:8      | Reached skill level 1 in Necromancy
  9068 | D:9      | Found a transporter.
  9068 | D:9      | Noticed opiumtea's ghost (novice TrMo)
  9069 | D:9      | Found a transporter.
  9194 | D:9      | Reached skill level 5 in Necromancy
  9194 | D:9      | Reached XP level 11. HP: 80/83 MP: 15/15
  9244 | D:9      | Reached ***** piety under Kikubaaqudgha
  9334 | D:9      | Found a staircase to the Orcish Mines.
  9779 | D:9      | Noticed a two-headed ogre
 10107 | D:9      | Killed a two-headed ogre
 10117 | D:10     | Entered Level 10 of the Dungeon
 10309 | D:10     | Noticed Erica
 10352 | D:10     | Killed Erica
 10951 | D:10     | Found a staircase to the Lair.
 11595 | Orc:1    | Entered Level 1 of the Orcish Mines
 11653 | Orc:1    | Reached ****** piety under Kikubaaqudgha
 11654 | Orc:1    | Received a gift from Kikubaaqudgha
 11657 | Orc:1    | Fell from the grace of Kikubaaqudgha
 11866 | Temple   | Became a worshipper of Gozag Ym Sagoz the Greedy
 12129 | Orc:1    | Noticed Sonja
 12215 | Orc:1    | Killed Sonja
 12491 | Orc:1    | Reached XP level 12. HP: 71/91 MP: 16/16
 12961 | Lair:1   | Entered Level 1 of the Lair of Beasts
 13185 | D:11     | Reached skill level 1 in Shields
 13423 | D:11     | Found Uteuplaxo's Food Boutique.
 13723 | D:11     | Reached skill level 5 in Shields
 14412 | Lair:1   | Reached skill level 5 in Spellcasting
 14710 | Lair:1   | You fall into a shaft and drop 1 floor!
 14969 | Lair:2   | Got a crystal long sword
 14979 | Lair:2   | Identified the cursed +0 long sword of Salt {pain, +Rage
                  | Int+3} (You found it on level 2 of the Lair of Beasts)
 15015 | Lair:2   | Noticed a six-headed hydra
 15040 | Lair:2   | Killed a four-headed hydra
 15237 | Lair:2   | Noticed a six-headed hydra
 15256 | Lair:2   | Killed a three-headed hydra
 15961 | Lair:2   | Found a staircase to the Swamp.
 16113 | Lair:2   | Reached XP level 13. HP: 37/99 MP: 23/23
 16654 | Orc:1    | Was forgiven by Kikubaaqudgha
 16900 | Orc:2    | Entered Level 2 of the Orcish Mines
 17144 | Orc:2    | Found a staircase to the Elven Halls.
 17268 | Orc:2    | Noticed Maurice
 17280 | Orc:2    | Killed Maurice
 17560 | Orc:2    | Learned a level 2 spell: Sublimation of Blood
 17761 | Orc:2    | Found Bul Dohe's Weapon Shop.
 17765 | Orc:2    | Found Iluegruf's Book Emporium.
 17771 | Orc:2    | Found Piocumpi's Antique Armour Emporium.
 17773 | Orc:2    | Found Ribihast's Antique Armour Shop.
 17783 | Orc:2    | Reached skill level 10 in Fighting
 17783 | Orc:2    | Reached skill level 10 in Armour
 17788 | Orc:2    | Bought a bloodstained leather armour for 189 gold pieces
 17799 | Orc:2    | Identified the +2 leather armour "Quczel" {rPois Dex+2
                  | SInv} (You bought it in a shop on level 2 of the Orcish
                  | Mines)
 17820 | Orc:2    | Bought a book of Dreams for 1200 gold pieces
 17826 | Orc:2    | Learned a level 5 spell: Borgnjor's Vile Clutch
 18454 | Lair:3   | Reached skill level 1 in Earth Magic
 18630 | Lair:3   | Reached skill level 5 in Earth Magic
 18635 | Lair:3   | Reached XP level 14. HP: 37/110 MP: 15/24
 19250 | Lair:3   | Identified the Volume of Curses and Translocation
 19309 | Lair:4   | Found a hole to the Spider Nest.
 19494 | Orc:2    | Bought the +8 lance "Wyrmbane" {slay drac, rPois rF+ rC+
                  | AC+3} for 1292 gold pieces
 19494 | Orc:2    | Found the +8 lance "Wyrmbane" {slay drac, rPois rF+ rC+
                  | AC+3}
 19865 | Lair:4   | Reached skill level 1 in Polearms
 20603 | Lair:5   | Found a staircase to the Slime Pits.
 21210 | Lair:5   | Splashed by an oklob plant's acid

Illustrated notes

Levels and vault maps discovered:
D:1:      ncdulo_smallfort, layout_basic
D:2:      layout_basic
D:3:      layout_basic
D:4:      minmay_diamond_boxcup, layout_basic, kennysheep_mini, first_ration
D:5:      layout_rooms, minmay_temple_entry_statues_pillars,
          minmay_fountain_box, sigmund_edmund_badplayer
D:6:      layout_gridville, nicolae_zen_rock_garden
D:7:      layout_rooms, serial_bayou_lake_a, uniq_joseph,
          uniq_crazy_yiuf_cottage
D:8:      layout_loops_corners
D:9:      layout_loops_corners, hiddenorc2_lemuel, gammafunk_ghost_hive
D:10:     layout_basic, grunt_lair_entry_orc_guard_hut, uniq_erica
D:11:     layout_basic, serial_shops, shop
Temple:   kilobyte_greek_temple
Lair:1:   layout_cave_pods, kennysheep_abandoned_house, serial_bayou_shore_a
Lair:2:   layout_hall_layers, palyth_hydra_swamp_entry,
          chequers_serial_rivers_large_b
Lair:3:   layout_misc_corridors, ice2_lemuel, grunt_megastairs_1
Lair:4:   layout_roguey, nicolae_spider_entry_non_spiders
Lair:5:   layout_regular_city, minmay_slime_entry_oklob_open, st_stairs_10
Orc:1:    cheibrodos_orc_bank, layout_caves, uniq_sonja
Orc:2:    st_orc_elflike, layout_caves, uniq_maurice

Skill      XL: |  1  2  3  4  5  6  7  8  9 10 11 12 13 14 |
---------------+-------------------------------------------+-----
Conjurations   | 1 2 3 4 5 6 |  6.0
Fire Magic     | 2 3 4 5 |  5.0
Air Magic      | 2 4 5 |  5.0
Fighting       | 4 6 7 8 10 | 10.0
Armour         | 4 6 7 8 10 | 10.0
Dodging        | 4 5 6 7 8 |  8.0
Necromancy     | 5 9 |  9.0
Shields        | 5 8 |  8.3
Spellcasting   | 7 8 |  8.5
Earth Magic    | 5 9 |  9.0
Polearms       | 3 |  3.2
Stealth        | |  2.4
Summonings     | |  1.0
Translocations | |  0.8

Action                   |  1- 3 |  4- 6 |  7- 9 | 10-12 | 13-15 || total
-------------------------+-------+-------+-------+-------+-------++-------
Melee: Unarmed           |     3 |       |       |       |       ||     3
       Dagger            |     9 |       |       |       |       ||     9
       Short sword       |    34 |    38 |   141 |   838 |       ||  1051
       Flail             |       |    33 |       |       |       ||    33
       Quarterstaff      |       |    65 |    22 |       |       ||    87
       Spear             |       |       |       |    27 |       ||    27
       Hand axe          |       |       |       |   103 |   314 ||   417
       Scimitar          |       |       |       |     6 |       ||     6
       Lance             |       |       |       |       |   118 ||   118
 Fire: Hunting sling     |       |       |    43 |       |       ||    43
       Fustibalus        |       |       |       |       |     3 ||     3
Throw: Stone             |       |     2 |       |       |       ||     2
 Cast: Magic Dart        |    65 |    77 |    65 |    47 |    16 ||   270
       Mephitic Cloud    |       |     2 |    29 |   145 |    57 ||   233
       Conjure Flame     |       |       |    13 |    84 |    24 ||   121
       Dispel Undead     |       |       |       |     8 |     2 ||    10
       Vampiric Draining |       |       |       |     7 |     9 ||    16
       Borgnjor's Vile C |       |       |       |       |    28 ||    28
       Sublimation of Bl |       |       |       |       |     2 ||     2
Invok: Receive Necronomi |       |       |       |     1 |       ||     1
       Renounce Religion |       |       |       |     1 |       ||     1
 Abil: Dig               |     1 |     5 |    13 |    41 |    19 ||    79
  Use: Scroll            |       |     3 |     2 |     6 |     5 ||    16
       Potion            |       |       |     2 |       |     1 ||     3
 Stab: Sleeping          |     2 |     5 |     1 |     8 |     2 ||    18
       Confused          |       |     2 |     5 |    58 |    33 ||    98
       Distracted        |       |       |       |     2 |       ||     2
  Eat: Chunk             |     1 |     8 |    13 |    29 |       ||    51
       Ration            |       |       |       |    10 |     7 ||    17
Armor: Robe              |     9 |    16 |       |       |       ||    25
       Leather armour    |       |    13 |    36 |   234 |    63 ||   346
Dodge: Dodged            |    33 |   103 |   109 |   668 |   249 ||  1162
Block: Buckler           |       |       |       |    89 |   109 ||   198
